 Dungeon Crawl Stone Soup version 0.30-a0-1163-gf69bf04e7a (webtiles) character file.

Game seed: 7342086150716164188

4 kae the Insei (level 1, -1/15 HPs)
             Began as a Merfolk Transmuter on Apr 28, 2023.
             Slain by a jackal (3 damage)
             ... on level 1 of the Dungeon.
             The game lasted 00:00:35 (98 turns).

kae the Insei (Merfolk Transmuter)                    Turns: 98, Time: 00:00:35

Health: -1/15      AC:  2    Str: 10    XL:     1   Next: 70%
Magic:  3/3        EV: 12    Int: 12    God:
Gold:   0          SH:  0    Dex: 14    Spells: 3/4 levels left

rFire   . .          .
                       - Unarmed
rCold   . . .        (no shield)
rNeg    . . .        a - +0 robe
rPois   .            (helmet currently unavailable)
rElec   .            (no cloak)
rCorr   .            (no gloves)
SInv    .            (boots currently unavailable)
Will    .....        (no amulet)
Stlth   +            (no ring)
HPRegen 0.22/turn    (no ring)
MPRegen 0.08/turn

%: no passive effects
@: mighty, appendages (expiring)
A: horns 2, (nimble swimmer 2), mertail
a: End Transformation


You were on level 1 of the Dungeon.
You had temporarily grown beastly horns.
You visited 1 branch of the dungeon, and saw 1 of its levels.


Innate Abilities, Weirdness & Mutations

You have temporarily grown beastly horns.
((You are very nimble when in or above water. (Stealth+, EV+, Speed+++)))
Your lower body shifts to a powerful aquatic tail in water.


   Skills:
 - Level 1.1 Fighting
 - Level 2.6 Dodging
 + Level 3.4 Unarmed Combat
 + Level 2.1 Spellcasting
 + Level 2.8 Transmutations
 + Level 0.4 Poison Magic


You had 3 spell levels left.
You knew the following spells:

 Your Spells              Type           Power      Damage    Failure   Level
a - Beastly Appendage     Tmut           16%        N/A       9%          1

Your spell library contained the following spells:

 Spells                   Type           Power      Damage    Failure   Level
 Wereblood                Tmut           8%         N/A       13%         2
 Spider Form              Tmut/Pois      5%         N/A       38%         3
 Ice Form                 Ice/Tmut       4%         N/A       83%         4

Inventory:

Armour
 a - a +0 robe (worn)
Potions
 b - a potion of lignification {!q}
 d - a potion of degeneration {unknown}

Dungeon Overview and Level Annotations

Branches:
Dungeon (1/15) Zot: 5901

Altars:

#.######..........#.
#................?..
########.........#
#.........# .
####......##..
#.........
#.........
##...#.... .####$.@#
... .......rh# ..
........K.......
...........r....
................
..####.......... ..
#..........
...........
..........J.


You could see a jackal, a kobold and a rat.


Message History

There is a large open door here.
There is a large open door here.
c - an inky potion
There is a large open door here.
There is a large open door here.
A bat comes into view.
A bat is nearby!
A bat is nearby!
A bat is nearby!
Casting: Beastly Appendage (safe; 9% risk of failure)
Confirm with . or Enter, or press ? or * to list all spells.
You grow a pair of large bovine horns.
The bat closely misses you. The bat misses you. 😎 MP[-1]
You lost 1 mp, and now have 2/3 mp.
A bat is nearby!
The bat misses you.
You barely miss the bat. The bat hits you but does no damage.
You closely miss the bat. The bat barely misses you.
The bat hits you but does no damage.
A bat is nearby!
The bat hits you but does no damage. The bat closely misses you.
The bat hits you. 😕 HP[-1]
You take 1 damage, and now have 14/15 hp.
You hit the bat. You headbutt the bat.
You kill the bat!
Your transformation is almost over.
No target in view!
Your horns disappear.
d - a pink potion 😎 HP[+1] MP[+1]
Your hp is fully restored (15).
Your mp is fully restored (3).
A jackal comes into view.
A jackal is nearby!
A jackal comes into view.
Casting: Beastly Appendage (safe; 9% risk of failure)
Confirm with . or Enter, or press ? or * to list all spells.
You grow a pair of large bovine horns.
The jackal barks!
A jackal comes into view.
A kobold comes into view. It is wielding a +0 short sword.
A rat comes into view.
The jackal barks!
The kobold shouts!
The jackal barely misses you. 😎 MP[-1]
You lost 1 mp, and now have 2/3 mp.
You hit the jackal. The jackal barely misses you. x2
You hit the jackal.
You kill the jackal!
A rat comes into view.
An endoplasm comes into view.
Unknown command.
You closely miss the jackal. The jackal bites you. x2
You closely miss the jackal.
The jackal bites you but does no damage. 😮 HP[-4]
You take 4 damage, and now have 11/15 hp.
MASSIVE DAMAGE!! (PAUSE)
You hit the jackal. Your headbutt misses the jackal.
Your transformation is almost over.
The jackal bites you. The jackal completely misses you.
You are too injured to fight recklessly! 😮 HP[-1]
You take 1 damage, and now have 10/15 hp.
Unknown command.
Okay, then.
It was a potion of might.
You feel very mighty all of a sudden. The jackal completely misses you.
The jackal bites you but does no damage. x2
The jackal bites you. 😮 HP[-1]
You take 1 damage, and now have 9/15 hp.
You punch the jackal!
You kill the jackal!
The jackal bites you but does no damage.
You punch the rat!
You kill the rat!
The jackal bites you. 😮 HP[-1]
You take 1 damage, and now have 8/15 hp.
You miss the jackal. The jackal barely misses you. The rat bites you.
* * * LOW HITPOINT WARNING * * *
The jackal bites you.
* * * LOW HITPOINT WARNING * * *
😨 HP[-3]
You take 3 damage, and now have 5/15 hp.
You barely miss the rat. The jackal bites you.
* * * LOW HITPOINT WARNING * * *
The rat bites you.
* * * LOW HITPOINT WARNING * * *
😱 HP[-2] MP[+1]
You take 2 damage, and now have 3/15 hp.
Your mp is fully restored (3).
You closely miss the jackal. The jackal barely misses you.
The rat barely misses you.
You barely miss the jackal. The jackal bites you.
* * * LOW HITPOINT WARNING * * *
The rat bites you but does no damage. The jackal bites you.
You die...

Action                     || total
---------------------------++-------
  Melee: Unarmed           ||    14
         Headbutt          ||     1
   Cast: Beastly Appendage ||     2
    Use: Potion            ||     1
 Armour: Robe              ||     8
  Dodge: Dodged            ||    13

Levels and vault maps discovered:
D:1:      saegor_arrival_simple_e, layout_basic

Notes
Turn   | Place    | Note
-------+----------+-------------------------------------------
     0 | D:1      | kae the Merfolk Transmuter began the quest for the Orb.
     0 | D:1      | Reached XP level 1. HP: 15/15 MP: 3/3
     0 | D:1      | magus.rc [v1.11.3]
    96 | D:1      | HP: 3/15 [rat (1)]
    98 | D:1      | Slain by a jackal

Vanquished Creatures
  A bat (D:1)
  2 jackals (D:1)
  A rat (D:1)
4 creatures vanquished.

Table legend:
 A = Non-vault XP
 B = Vault XP
 C = Vault XP percentage of total XP
 D = Non-vault monster count
 E = Vault monster count
 F = Vault count percentage of total count
                 A         B        C        D         E       F
            +---------+---------+-------+---------+---------+-------
      Total |       7 |       0 |   0.0 |       4 |       0 |   0.0
            +---------+---------+-------+---------+---------+-------
        D:1 |       7 |       0 |   0.0 |       4 |       0 |   0.0
            +---------+---------+-------+---------+---------+-------

Action                     || total
---------------------------++-------
  Melee: Unarmed           ||    14
         Headbutt          ||     1
   Cast: Beastly Appendage ||     2
    Use: Potion            ||     1
 Armour: Robe              ||     8
  Dodge: Dodged            ||    13

Illustrated notes

Table legend:
 A = Kills in this place as a percentage of kills in the entire game.
 B = Kills by you in this place as a percentage of kills by you in the entire game.
 C = Kills by friends in this place as a percentage of kills by friends in the entire game.
 D = Other kills in this place as a percentage of other kills in the entire game.
 E = Experience gained in this place as a percentage of experience gained in the entire game.
 F = Experience gained in this place divided by the number of levels of this place that you have seen.
                   A       B       C       D       E      F
               +-------+-------+-------+-------+-------+----------------------
         Total | 100.0 | 100.0 |   N/A |   N/A | 100.0 |   7.0
       Dungeon | 100.0 | 100.0 |   N/A |   N/A | 100.0 |   7.0
               +-------+-------+-------+-------+-------+----------------------

Table legend: (Time is in decaauts)
 A = Elapsed time spent in this place.
 B = Non-inter-level travel time spent in this place.
 C = Inter-level travel time spent in this place.
 D = Time resting spent in this place.
 E = Time spent auto-exploring this place.
 F = Levels seen in this place.
 G = Mean time per level.
                   A        B        C        D        E       F      G
               +--------+--------+--------+--------+--------+-----+--------+
         Total |     97 |     97 |      0 |      0 |     67 |   1 |   97.0 |
       Dungeon |     97 |     97 |      0 |      0 |     67 |   1 |   97.0 |
               +--------+--------+--------+--------+--------+-----+--------+

Top non-repeatable levels by time:
     D:1: 97 daAuts
